Unix NetHack Version 3.7.0-66 Work-in-progress - last build Oct 24 2022 02:09:04 (0cf9ee0665dfd4e3628fd2b6ead320895a4d4695,branch:master). Game began 2022-10-25 23:26:44, ended 2022-10-25 23:45:37. aerth, neutral female human Monk ----------- ---- |.........| -------->.-- |.........| |........0.| |.........| |.-.-----..| |....<....| |.00|[..|..| |.........| |-......%..| |..1......| |..|....0..| |.1.......| |.--..----.| |1........| --.|........| |i------------.....-.---.| |i.@............%-...|...| ----------------.........| |..|..----- ------- Aerth the Initiate St:17 Dx:16 Co:15 In:9 Wi:11 Ch:8 Neutral Dlvl:4 $:178 HP:0(50) Pw:43(43) AC:-2 Xp:7/887 T:2894 Latest messages: You drop a scroll labeled MAPIRO MAHAMA DIROMAT. You drop an unlabeled scroll. You drop an unlabeled scroll. You drop an unlabeled scroll. You drop an uncursed scroll of light. You drop a scroll of light. You drop a cursed clear potion. You drop a cyan potion. You drop a murky potion. You drop an uncursed orange potion. You drop an uncursed puce potion. You drop a puce potion. You drop a swirly potion. You drop an uncursed potion called conf. You drop a blessed potion called oil. You drop a potion called oil. # What do you want to call? [acelmprv-xACIJPVX or ?*] What do you want to drop? [$a-ce-jlmprv-xACIJO-QTVX or ?*] You drop 2 scrolls called earth?. With great effort you move the boulder. You see here a chickatrice corpse. Z - a chickatrice corpse. What do you want to wield? [- or ?*] Z - a chickatrice corpse (wielded). This door is locked. Unlock it with your key? [ynq] (q) You succeed in unlocking the door. The tengu opens a door. You begin bashing monsters with your chickatrice corpse. You miss the tengu. The tengu just misses! You hit the tengu with the chickatrice corpse. The tengu is slowing down. The tengu turns to stone. The quasit zaps a brass wand! The bolt of cold hits you! The bolt of cold bounces! The bolt of cold hits you! You miss the quasit. The quasit just misses! The quasit misses! The quasit misses! You miss the quasit. The quasit misses! The quasit hits! The quasit misses! The quasit zaps a wand of cold! The bolt of cold hits you! You die... Inventory: Coins ('$') $ - 178 gold pieces Armor ('[') l - a blessed rusty +4 orcish helm (being worn) a - an uncursed +2 pair of leather gloves (being worn) J - an uncursed +0 pair of iron shoes (being worn) b - an uncursed +1 robe (being worn) Comestibles ('%') g - 6 uncursed apples f - 3 uncursed food rations T - an uncursed food ration i - 4 uncursed fortune cookies h - 5 uncursed oranges Z - an uncursed chickatrice corpse (wielded) O - an uncursed lizard corpse Spellbooks ('+') c - a blessed spellbook of confuse monster m - an uncursed spellbook of healing Potions ('!') e - 4 uncursed potions of healing Rings ('=') A - a cursed ring of searching Wands ('/') p - an uncursed wand of polymorph (0:7) x - an uncursed wand of sleep (0:5) Tools ('(') j - an uncursed magic marker (0:70) w - an uncursed skeleton key X - an uncursed tin whistle Q - an uncursed tinning kit (0:37) v - an uncursed partly used wax candle Gems/Stones ('*') r - 2 uncursed worthless pieces of green glass V - an uncursed worthless piece of red glass P - 2 uncursed worthless pieces of white glass C - an uncursed worthless piece of yellowish brown glass Aerth the Monk's attributes: Background: You were an Initiate, a level 7 female human Monk. You were neutral, on a mission for Chih Sung-tzu who was opposed by Shan Lai Ching (lawful) and Huan Ti (chaotic). You were in Sokoban, on level 4. You entered the dungeon 2894 turns ago. It was nighttime. There was a new moon in effect when your adventure ended. You had 887 experience points, 393 more were needed to attain level 8. Basics: You had 0 out of 50 hit points. You had all 43 energy points (spell power). Your armor class was -2. Your wallet contained 178 zorkmids. Autopickup was on for '$?!"=/*', with exceptions. Final Characteristics: Your strength was 17 (limit:18/100). Your dexterity was 16 (limit:18). Your constitution was 15 (limit:18). Your intelligence was 9 (limit:18). Your wisdom was 11 (limit:18). Your charisma was 8 (limit:18). Final Status: You were not hungry. You were unencumbered. You were wielding a corpse. Final Attributes: You were piously aligned. You were sleep resistant. You were poison resistant. You saw invisible. You were warned. You were stealthy. You were guarded. You are dead. Miscellaneous: You disabled loading of bones levels. Total elapsed playing time was 18 minutes and 52 seconds. Major events: Turn 1: aerth the neutral female human Monk entered the dungeon 247: entered the Gnomish Mines 276: attained the rank of Novice (level 3) 534: reached Mine Town 620: attained the rank of Initiate (level 6) 2140: entered Sokoban 2800: completed 2nd Sokoban level 2894: killed by a bolt of cold Vanquished creatures: a tengu a crocodile a gnome ruler a lizard a chickatrice a raven a bugbear a pony 2 yellow lights 4 gnome leaders 3 gnomish wizards an elf zombie a paper golem 5 giant ants 6 dwarves 2 hill orcs 3 rothes 2 monkeys a dwarf zombie an iguana 3 acid blobs a hobbit 23 gnomes 2 jackals 2 goblins 4 sewer rats 2 grid bugs 3 bats 2 kobold zombies 4 newts 85 creatures vanquished. No species were genocided or became extinct. Voluntary challenges: You followed a strict vegan diet. You never hit with a wielded weapon. You read items or engraved 3 times. You engraved Elbereth 2 times. You never genocided any monsters. You never polymorphed an object. You never changed form. You used no wishes. You did not violate any of the special Sokoban rules. Achievements: You entered the Gnomish Mines. You attained the rank of Novice. You entered Minetown. You entered a shop. You attained the rank of Initiate. You entered a temple. You entered Sokoban. The Dungeons of Doom: levels 1 to 7 Level 1: A grave. Level 2: A fountain. Stairs down to The Gnomish Mines. Level 3: Level 4: Level 5: Level 6: Stairs up to Sokoban, level 5. Level 7: The Gnomish Mines: levels 3 to 6 Level 3: Level 4: Level 5: Many shops, a temple, some fountains, a sink. Level 6: Sokoban: levels 5 up to 4 Level 4: <- You were here. Solved. Final resting place for you, killed by a bolt of cold. Level 5: Unsolved. Game over: ---------- / \ / REST \ / IN \ / PEACE \ / \ | aerth | | 178 Au | | killed by a bolt | | of cold | | | | | | 2022 | *| * * * | * _________)/\\_//(\/(/\)/\//\/|_)_______ Goodbye aerth the Monk... You died in Sokoban on dungeon level 4 with 4009 points, and 178 pieces of gold, after 2894 moves. You were level 7 with a maximum of 50 hit points when you died.